 Dungeon Crawl Stone Soup version 0.23.2-30-g0e89c35649 (webtiles) character file.

Game seed: 4453305639209547928

5331 teukkam the Cleaver (level 10, 0/78 HPs)
             Began as a Minotaur Fighter on June 15, 2019.
             Was a Priest of Nemelex Xobeh.
             Slain by a two-headed ogre
             ... wielding a +0 giant spiked club
              (10 damage)
             ... on level 8 of the Dungeon.
             The game lasted 00:32:33 (6805 turns).

teukkam the Cleaver (Minotaur Fighter)              Turns: 6805, Time: 00:32:34

Health: 0/78       AC: 14    Str: 28    XL:     10   Next: 38%
Magic:  14/14      EV: 10    Int:  5    God:    Nemelex Xobeh [***...]
Gold:   531        SH: 11    Dex: 16    Spells: 9/9 levels left

rFire    . . .     SeeInvis .   a - +1 war axe
rCold    . . .     Gourm    .   c - +0 shield
rNeg     . . .     Faith    .   r - +0 plate armour (curse)
rPois    .         Spirit   .   (helmet restricted)
rElec    .         Reflect  .   (no cloak)
rCorr    .         Harm     .   D - +0 pair of gloves
MR       +....                  (no boots)
Stlth    ..........             B - amulet of rage
HPRegen  0.23/turn              H - ring of protection from magic
MPRegen  0.14/turn              F - +5 ring of strength

@: agile
A: retaliatory headbutt, horns 2
a: Draw Escape, Draw Destruction, Draw Summoning, Triple Draw, Renounce
Religion, Evoke Berserk Rage


You were on level 8 of the Dungeon.
You worshipped Nemelex Xobeh.
Nemelex Xobeh was most pleased with you.
You were not hungry.

You visited 2 branches of the dungeon, and saw 10 of its levels.

You collected 531 gold pieces.

Inventory:

Hand Weapons
 a - a +1 war axe (weapon)
 b - a +0 hunting sling
 x - a +1 shortbow of freezing
 E - a +4 falchion
 G - a +2 quarterstaff of draining
Missiles
 l - 253 stones (quivered)
 p - 14 javelins
 y - 91 arrows
 I - 3 tomahawks
Armour
 c - a +0 shield (worn)
 e - a +4 scale mail
 r - a cursed +0 plate armour (worn)
 D - a +0 pair of gloves (worn)
Jewellery
 o - an uncursed ring of ice
 B - an amulet of rage (around neck)
 F - a +5 ring of strength (right hand)
 H - a ring of protection from magic (left hand)
Wands
 t - a wand of random effects (12)
Scrolls
 g - 9 scrolls of identify {unknown}
 j - 2 scrolls of enchant armour
 k - 2 scrolls of enchant weapon
 q - a scroll of immolation
 s - 2 scrolls of fog
 v - 4 scrolls of remove curse
 A - 2 scrolls of teleportation {unknown}
Potions
 d - 2 potions of might
 i - a potion of mutation {unknown}
 m - a potion of heal wounds
 n - 2 potions of invisibility {unknown}
 u - a potion of lignification {unknown}
 w - a potion of magic {unknown}
 z - 2 potions of degeneration {unknown}
 C - a potion of flight {unknown}
 J - a potion of brilliance {unknown}
Comestibles
 f - 10 rations
 K - a chunk of flesh


   Skills:
 - Level 4.0 Fighting
 + Level 5.9 Long Blades
 + Level 9.6 Axes
 + Level 8.2 Slings
 + Level 7.8 Armour
 - Level 4.1 Shields
 + Level 7.5 Invocations


You had 9 spell levels left.
You didn't know any spells.
Your spell library was empty.

Dungeon Overview and Level Annotations

Branches:
Dungeon (9/15)             Temple (1/1) D:6
   Lair: D:8-11         Orc: D:9-12

Altars:
Ashenzari
Cheibriados
Dithmenos
Elyvilon
Gozag
Hepliaklqana
Kikubaaqudgha
Makhleb
Nemelex Xobeh
Okawaru
Qazlal
Trog
Uskayaw
Vehumet
Wu Jian
Xom
Yredelemnul
The Shining One

Shops:
D:8 (


Innate Abilities, Weirdness & Mutations

You reflexively headbutt those who attack you in melee.
You have a pair of horns on your head.


Message History

The two-headed ogre hits you with a +0 giant spiked club!!
* * * LOW HITPOINT WARNING * * *
You feel agile all of a sudden. The two-headed ogre barely misses you.
You furiously retaliate!
You headbutt the two-headed ogre.
The two-headed ogre hits you with a +0 giant spiked club!
* * * LOW HITPOINT WARNING * * *
You feel much better.
You slash the two-headed ogre!
The two-headed ogre is almost dead.
The two-headed ogre hits you with a +0 giant spiked club!!
* * * LOW HITPOINT WARNING * * *
You block the two-headed ogre's attack.
You slash the two-headed ogre!
You headbutt the two-headed ogre, but do no damage.
The two-headed ogre is almost dead.
The two-headed ogre closely misses you.
The two-headed ogre hits you with a +0 giant spiked club!
You die...
Your body glows slightly and disappears.

#.###.##. #.#.....#.
#. .... #.##...##.
#.###.### #.###.###.
#.....#####.###.###.
#.####............
#.# #.##.#####.#.
#.###...#.# #.#.
#O##.#.#..## #.#.
#@....<....# #.#.
####.#.#...####.#.
##...#..#......
##.##.........
#.###.......#
#.##.........
#....#.^.....
####.........
##.......#


You could see a two-headed ogre.

Vanquished Creatures
  A two-headed ogre (D:8)
  A spriggan (D:7)
  A wyvern (D:8)
  2 sky beasts
  2 necrophages
  5 orc warriors
  3 black bears
  A phantom (D:7)
  A wolf (D:8)
  2 ogres
  3 centaurs
  A big kobold (D:8)
  2 bullfrogs
  4 killer bees (D:9)
  11 wights
  3 howler monkeys
  5 crimson imps
  A centaur zombie (D:4)
  2 jellies (D:8)
  3 bullfrog skeletons
  A hound (D:6)
  7 orc priests
  A gnoll shaman (D:4)
  An iron imp (D:7)
  8 orc wizards
  3 worker ants
  A hound skeleton (D:8)
  2 gnolls (D:4)
  A howler monkey skeleton (D:9)
  10 adders
  A shadow imp (D:8)
  An adder skeleton (D:6)
  An adder zombie (D:9)
  2 worms (D:2)
  3 dart slugs
  3 leopard geckos
  31 orcs
  A giant cockroach (D:8)
  9 goblins
  8 hobgoblins
  4 jackals (D:5)
  8 kobolds
  2 quokkas
  A ball python (D:1)
  7 bats
  2 frilled lizards (D:1)
  A jackal skeleton (D:5)
  A leopard gecko skeleton (D:5)
  3 rats
178 creatures vanquished.

Vanquished Creatures (collateral kills)
  An orc warrior (D:8)
  A phantom (D:4)
  An ogre (D:5)
  2 orc wizards
  A leopard gecko (D:8)
  An orc (D:4)
7 creatures vanquished.

Vanquished Creatures (others)
  Grum (D:8)
  2 wolves (D:8)
  A wight (D:8)
  An orc wizard (D:7)
  2 gnolls (D:4)
  2 ball lightnings
  A leopard gecko (D:4)
  2 orcs
12 creatures vanquished.

Grand Total: 197 creatures vanquished

Notes
Turn   | Place    | Note
-------+----------+-------------------------------------------
     0 | D:1      | teukkam the Minotaur Fighter began the quest for the Orb.
     0 | D:1      | Reached XP level 1. HP: 19/19 MP: 0/0
   129 | D:2      | Reached XP level 2. HP: 13/27 MP: 1/1
   420 | D:2      | Reached skill level 3 in Axes
   420 | D:2      | Reached XP level 3. HP: 31/33 MP: 2/2
   473 | D:3      | Found a sparkling altar of Nemelex Xobeh.
   477 | D:3      | Became a worshipper of Nemelex Xobeh the Trickster
   481 | D:3      | Received a gift from Nemelex Xobeh
   777 | D:2      | Reached skill level 1 in Slings
   896 | D:2      | Reached skill level 1 in Invocations
  1219 | D:1      | Reached XP level 4. HP: 40/40 MP: 3/3
  1620 | D:3      | Reached * piety under Nemelex Xobeh
  1687 | D:3      | Reached skill level 4 in Axes
  1687 | D:3      | Reached XP level 5. HP: 23/46 MP: 5/5
  2214 | D:4      | Reached XP level 6. HP: 37/52 MP: 5/7
  2347 | D:4      | Reached skill level 5 in Axes
  2405 | D:5      | Entered Level 5 of the Dungeon
  2410 | D:5      | Received a gift from Nemelex Xobeh
  2420 | D:5      | Noticed a sky beast
  2432 | D:5      | Killed a sky beast
  2432 | D:5      | Reached XP level 7. HP: 45/59 MP: 8/8
  2594 | D:5      | Found an opulent altar of Gozag.
  2739 | D:5      | Reached skill level 6 in Axes
  2912 | D:5      | Reached ** piety under Nemelex Xobeh
  2979 | D:5      | Noticed a chaos spawn
  2983 | D:5      | Reached skill level 5 in Slings
  3547 | D:6      | Received a gift from Nemelex Xobeh
  4000 | D:6      | Found a staircase to the Ecumenical Temple.
  4005 | Temple   | Entered the Ecumenical Temple
  4141 | D:6      | Found a shadowy altar of Dithmenos.
  4149 | D:6      | Found a stormy altar of Qazlal.
  4166 | D:6      | Reached XP level 8. HP: 66/66 MP: 10/10
  4249 | D:6      | Found a shadowy altar of Dithmenos.
  4260 | D:6      | Reached skill level 5 in Invocations
  4261 | D:6      | Found an ornate altar of the Wu Jian Council.
  4466 | D:6      | Received a gift from Nemelex Xobeh
  4473 | D:6      | Reached skill level 7 in Axes
  4689 | D:7      | Found an iron altar of Okawaru.
  4731 | D:7      | Found a snail-covered altar of Cheibriados.
  4737 | D:7      | Reached skill level 1 in Long Blades
  4745 | D:7      | Reached skill level 5 in Armour
  5092 | D:7      | Reached XP level 9. HP: 71/71 MP: 12/12
  5105 | D:7      | Reached skill level 8 in Axes
  5257 | D:7      | Reached *** piety under Nemelex Xobeh
  5292 | D:8      | Received a gift from Nemelex Xobeh
  5927 | D:8      | Noticed Grum
  5929 | D:8      | Killed Grum
  5929 | D:8      | Reached skill level 9 in Axes
  5939 | D:8      | Reached skill level 5 in Long Blades
  5971 | D:8      | Reached XP level 10. HP: 47/78 MP: 14/14
  6113 | D:8      | Found a burning altar of Makhleb.
  6264 | D:8      | Noticed a two-headed ogre
  6275 | D:8      | Killed a two-headed ogre
  6588 | D:8      | Found a shattered altar of Ashenzari.
  6685 | D:8      | Found Saidd's Weapon Emporium.
  6793 | D:8      | Noticed a two-headed ogre
  6805 | D:8      | Slain by a two-headed ogre

Skill      XL: |  1  2  3  4  5  6  7  8  9 10 |
---------------+-------------------------------+-----
Fighting       | 4 |  4.0
Armour         | 4 5 7 |  7.8
Shields        | 4 |  4.1
Axes           | 3 4 5 6 7 9 |  9.6
Slings         | 1 2 3 5 6 7 8 |  8.2
Invocations    | 1 2 3 4 5 7 |  7.5
Long Blades    | 2 5 |  5.9

Action                   |  1- 3 |  4- 6 |  7- 9 | 10-12 || total
-------------------------+-------+-------+-------+-------++-------
Melee: War axe           |    73 |   108 |   308 |    44 ||   533
       Headbutt          |     4 |    19 |    58 |    12 ||    93
       Hand axe          |       |       |     4 |       ||     4
 Fire: Hunting sling     |       |       |    17 |    19 ||    36
 Abil: Draw Destruction  |       |     2 |    10 |     5 ||    17
       Draw Summoning    |       |     1 |     1 |       ||     2
       Draw Escape       |       |       |     1 |     2 ||     3
Evoke: Wand              |       |       |     1 |       ||     1
  Use: Potion            |       |     2 |     2 |     5 ||     9
       Scroll            |       |       |     6 |       ||     6
  Eat: Chunk             |     1 |     4 |     3 |       ||     8
       Ration            |       |       |     3 |     1 ||     4
Armor: Scale mail        |    40 |    83 |    50 |       ||   173
       Plate armour      |       |       |   101 |    29 ||   130
Dodge: Dodged            |    32 |    41 |    68 |    13 ||   154
Block: Shield            |    35 |    62 |   159 |    26 ||   282
